 Dungeon Crawl Stone Soup version 0.31-a0-925-g0a390f2509 (webtiles) character file.

Game seed: 3389599626055145341

42 GloriousHammer the Cudgeller (level 3, -2/31 HPs)
             Began as a Minotaur Chaos Knight on Oct 19, 2023.
             Was a Plaything of Xom.
             Slain by a gnoll
             ... wielding a +0 halberd
              (5 damage)
             ... on level 2 of the Dungeon.
             The game lasted 00:03:18 (914 turns).

GloriousHammer the Cudgeller (Minotaur Chaos Knight) Turns: 914, Time: 00:03:19

Health: -2/31      AC:  6    Str: 18    XL:     3   Next: 35%
Magic:  2/2        EV: 11    Int:  9    God:    Xom [*.....]
Gold:   49         SH:  0    Dex:  9    Spells: 2/2 levels left

rFire   . . .        a - +0 mace (chaos)
rCold   . . .        (no shield)
rNeg    . . .        b - +2 leather armour
rPois   .            (helmet restricted)
rElec   .            (no cloak)
rCorr   .            (no gloves)
SInv    .            o - +0 pair of boots
Will    .....        (no amulet)
Stlth   +            (no ring)
HPRegen 0.25/turn    (no ring)
MPRegen 0.08/turn

%: no passive effects
@: no status effects
A: horns 2, retaliatory headbutt
a: Renounce Religion


You were on level 2 of the Dungeon.
You worshipped Xom.
You were a special plaything of Xom.
You visited 1 branch of the dungeon, and saw 2 of its levels.

You collected 49 gold pieces.

Inventory:

Hand Weapons
 a - a +0 mace of chaos (weapon)
 k - a +1 mace of protection
Missiles
 f - 14 stones
 g - 5 boomerangs
Armour
 b - a +2 leather armour (worn)
 o - a +0 pair of boots (worn)
Talismans
 e - a serpent talisman
Scrolls
 c - a scroll of butterflies
 j - a scroll of enchant armour {unknown}
 m - a scroll of poison {unknown}
 p - 3 scrolls of identify {unknown}
Potions
 d - a potion of might {unknown}
 h - 2 potions of curing {unknown}
 i - 2 potions of haste {unknown}
 l - 2 potions of lignification {unknown}
 n - a potion of attraction {unknown}


   Skills:
 - Level 3.6 Fighting
 + Level 5.4 Maces & Flails
 - Level 2.4 Armour
 - Level 1.1 Dodging


You had 2 spell levels left.
You didn't know any spells.
Your spell library contained the following spells:

 Spells                   Type           Power      Damage    Failure   Level
 Freeze                   Ice            0%         1d3       43%         1
 Frozen Ramparts          Ice            0%         1d1       82%         3
 Hailstorm                Conj/Ice       0%         3d3       82%         3


Dungeon Overview and Level Annotations

Branches:
Dungeon (2/15)

Altars:


Innate Abilities, Weirdness & Mutations

You have a pair of horns on your head.
You reflexively headbutt those who attack you in melee.


Message History

You see here 5 stones.
The goblin hits you with a +0 club.
You thump the goblin!
You kill the goblin!
You see here a +0 club.
f - 13 stones (gained 5)
There is a stone staircase leading down here.
You see here a +0 pair of boots.
You see here a +0 pair of boots.
You start putting on your armour.
You continue putting on your +0 pair of boots. x4
You finish putting on your +0 pair of boots.
You open the door.
There is an open door here.
A goblin comes into view. It is wielding a +0 club.
You completely miss the goblin. Your headbutt misses the goblin.
The goblin misses you. You furiously retaliate!
You headbutt the goblin!
You kill the goblin!
Things that are here:
a +0 club; a +0 sling 2 goblins come into view.
Found 8 gold pieces.
The goblin shouts! x2
Found 3 scrolls labelled DIMOUKK RUSIENECY.
You hit the goblin.
You kill the goblin!
You barely miss the goblin. You headbutt the goblin.
The goblin is moderately wounded.
The goblin barely misses you. You furiously retaliate!
You headbutt the goblin!
You kill the goblin!
Items here: )) ††. "Fight to survive, mortal."
You see here 3 scrolls labelled DIMOUKK RUSIENECY.
The quokka closely misses you.
You closely miss the quokka.
The quokka bites you but does no damage.
You miss the quokka. The quokka barely misses you.
The quokka bites you but does no damage.
You hit the quokka. You freeze the quokka.
You kill the quokka!
The quokka's corpse disappears in a puff of smoke!
p - 3 scrolls labelled DIMOUKK RUSIENECY You now have 47 gold pieces (gained 8).
Things that are here:
a +0 club; a +0 sling
There is an open door here.
You open the door.
There is an open door here.
A hobgoblin and a goblin come into view.
The hobgoblin shouts!
The goblin shouts!
You hear a shout!
Found 2 gold pieces and a short sword.
A goblin comes into view. It is wielding a +0 dagger.
You hit the hobgoblin.
You kill the hobgoblin!
The goblin hits you but does no damage.
You see here a hobgoblin corpse.
You barely miss the goblin. The goblin hits you with a +0 club.
You thump the goblin! You burn the goblin.
You kill the goblin!
The goblin hits you but does no damage.
You see here a +0 club.
You sock the goblin! You burn the goblin.
You kill the goblin!
No target in view!
No target in view!
You now have 49 gold pieces (gained 2).
You see here a +0 club.
Things that are here:
a +0 dagger; a goblin corpse
Found a club.
f - 14 stones (gained 1)
You see here a +0 club.
Things that are here:
a +0 dagger; a goblin corpse You see here a +0 club.
You see here a hobgoblin corpse.
There is an open door here.
Found a leather armour.
You see here a +0 leather armour.
You open the door.
There is an open door here.
A goblin comes into view. It is wielding a +0 dagger.
The goblin shouts!
You hear a shout!
The goblin hits you with a +0 dagger.
You miss the goblin. You punch the goblin.
You kill the goblin! 2 rats come into view.
Things that are here:
a +0 dagger; a goblin corpse You hit the rat.
You feel better.
You kill the rat!
A gnoll comes into view. It is wielding a +0 halberd.
You sock the rat!
You kill the rat!
The gnoll hits you from afar with a +0 halberd.
The gnoll hits you from afar with a +0 halberd!
The gnoll hits you with a +0 halberd!
* * * LOW HITPOINT WARNING * * *
You barely miss the gnoll. The gnoll hits you with a +0 halberd.
You die...

.. ###. #.. ##.#######
############# #...'..#..
#..##.'..#...#
#...##.##.##...##..##...###
##[..#..#..#..##....#†.##.#
#...##.##g..##.....##)...#
##...#..#@.##.......#).###
#...##.).##........##.#)#
##...#..##......#...#...#
#...####......##...##.##
##...##......####...#.)#
#...#......##..#...##.#
##........##...##...#.#
#.......##).#).#...###
##.....##...##.##...#


You could see a gnoll.

Vanquished Creatures
  A worm (D:2)
  A ball python (D:1)
  2 endoplasms (D:1)
  3 giant cockroaches (D:1)
  11 goblins
  5 hobgoblins
  3 kobolds (D:1)
  A quokka (D:1)
  5 rats
32 creatures vanquished.

Notes
Turn   | Place    | Note
-------+----------+-------------------------------------------
     0 | D:1      | GloriousHammer the Minotaur Chaos Knight began the quest
                  | for the Orb.
     0 | D:1      | Reached XP level 1. HP: 19/19 MP: 0/0
   103 | D:1      | Reached skill level 4 in Maces & Flails
   141 | D:1      | XOM: potion effect (haste)
   150 | D:1      | Reached XP level 2. HP: 26/26 MP: 1/1
   231 | D:1      | XOM: silly message
   495 | D:1      | XOM: noise
   610 | D:2      | Reached skill level 5 in Maces & Flails
   639 | D:2      | XOM: polymorph endoplasm -> rat
   652 | D:2      | Reached XP level 3. HP: 26/31 MP: 2/2
   801 | D:2      | XOM: summons 1 hostile shadow creature
   914 | D:2      | Slain by a gnoll

Illustrated notes

Levels and vault maps discovered:
D:1:      saegor_arrival_simple_a, layout_loops_ring, minmay_misc_feat_ornament
D:2:      minmay_razor_zed, layout_basic

Skill      XL: |  1  2 |
---------------+-------+-----
Maces & Flails | 4 5 |  5.4
Fighting       | |  3.6
Armour         | |  2.4
Dodging        | |  1.1

Action                     || total
---------------------------++-------
  Melee: Mace              ||    64
         Headbutt          ||     4
         Punch             ||     1
 Armour: Leather armour    ||    32
  Dodge: Dodged            ||    30

Table legend: (Time is in decaauts)
 A = Elapsed time spent in this place.
 B = Non-inter-level travel time spent in this place.
 C = Inter-level travel time spent in this place.
 D = Time resting spent in this place.
 E = Time spent auto-exploring this place.
 F = Levels seen in this place.
 G = Mean time per level.
                   A        B        C        D        E       F      G
               +--------+--------+--------+--------+--------+-----+--------+
         Total |    903 |    874 |     29 |      0 |    463 |   2 |  451.5 |
       Dungeon |    903 |    874 |     29 |      0 |    463 |   2 |  451.5 |
               +--------+--------+--------+--------+--------+-----+--------+

Top non-repeatable levels by time:
     D:1: 589 daAuts
     D:2: 314 daAuts
